 Dungeon Crawl Stone Soup version 0.30-a0-341-g682706514a (webtiles) character file.

Game seed: 10605486383441096747

138 ragingrage the Cudgeller (level 5, 0/37 HPs)
             Began as a Mummy Wanderer on Nov 1, 2022.
             Splashed by a jelly's acid (9 damage)
             ... on level 4 of the Dungeon.
             The game lasted 00:03:02 (2828 turns).

ragingrage the Cudgeller (Mummy Wanderer)           Turns: 2828, Time: 00:03:03

Health: 0/37       AC:  0    Str: 16    XL:     5   Next: 1%
Magic:  5/5        EV: 11    Int: 11    God:
Gold:   328        SH:  0    Dex: 13    Spells: 4/4 levels left

rFire   . . .      SeeInvis .    a - +2 mace
rCold   . . .      Faith    +    (no shield)
rNeg    + + +      Spirit   .    e - +0 leather armour
rPois   ∞          Reflect  .    (no helmet)
rElec   .          Harm     .    (no cloak)
rCorr   .          Rampage  .    c - +0 pair of gloves
Will    .....                    (no boots)
Stlth   ++........               (no amulet)
HPRegen 0.26/turn                n - ring of fire
MPRegen 0.09/turn                (no ring)

@: corroded
A: cold resistance 1, negative energy resistance 3, torment resistance 2, heat
vulnerability 1, in touch with death 1, no potions, faith
a: no special abilities


You were on level 4 of the Dungeon.
You visited 1 branch of the dungeon, and saw 4 of its levels.

You collected 328 gold pieces.

Inventory:

Hand Weapons
 a - a +2 mace (weapon)
Armour
 c - a +0 pair of gloves (worn)
 e - a +0 leather armour (worn)
Magical Staves
 l - a staff of death
Jewellery
 n - a ring of fire (left hand)
Scrolls
 b - a scroll of poison {unknown}
 d - 2 scrolls of teleportation
 f - a scroll of noise {unknown}
 g - a scroll of magic mapping {unknown}
 h - a scroll of torment {unknown}
 i - 3 scrolls of identify {unknown}
 j - a scroll of vulnerability {unknown}
 k - a scroll of fear {unknown}
 m - 2 scrolls of fog {unknown}
 o - 2 scrolls of enchant armour {unknown}
 p - a scroll of blinking {unknown}
 q - a scroll of immolation {unknown}


   Skills:
 - Level 1.0 Fighting
 + Level 4.7(4.8) Maces & Flails
 - Level 1.0(3.1) Staves
 - Level 1.0 Dodging
 - Level 3.2 Stealth


You had 4 spell levels left.
You didn't know any spells.
Your spell library was empty.

Dungeon Overview and Level Annotations

Branches:
Dungeon (4/15)
 Temple: D:4-7

Altars:
Ashenzari
Wu Jian

Shops:
D:1 !   D:3 :

Annotations:
D:3 Sigmund


Innate Abilities, Weirdness & Mutations

You are immune to poison.
Your flesh is cold resistant. (rC+)
You are immune to negative energy. (rN+++)
You are immune to unholy pain and torment.
You are vulnerable to heat. (rF-)
You are in touch with the powers of death.
You do not drink.
You have a special connection with the divine. (Faith)


Message History

The adder bites you but does no damage.
You miss the adder. The adder closely misses you.
You closely miss the adder. The adder bites you but does no damage.
You sock the adder!
The adder is almost dead.
The adder closely misses you. The adder bites you.
You closely miss the adder.
The adder is almost dead.
The adder bites you.
You hit the adder.
You kill the adder!
You have reached level 5!
You feel agile.
The jelly quivers.
A jelly is nearby!
A jelly is nearby!
An endoplasm comes into view.
You sock the jelly!
Your hands burn!
The jelly is heavily wounded.
The jelly barely misses you.
You hit the jelly. The acid corrodes you!
Your hands burn!
The jelly is severely wounded.
The jelly hits you.
You are splashed with acid!
You are too injured to fight recklessly!
You are too injured to fight recklessly!
You are too injured to fight recklessly!
You are too injured to fight recklessly!
You are too injured to fight recklessly!
You are too injured to fight recklessly!
You are too injured to fight recklessly!
You hit the jelly.
Your hands burn!
The jelly is severely wounded.
The jelly hits you.
You are splashed with acid!
You hit the jelly but do no damage.
Your hands burn!
* * * LOW HITPOINT WARNING * * *
The jelly is severely wounded.
The jelly hits you.
* * * LOW HITPOINT WARNING * * *
You are splashed with acid!
You die...

..................
###.#####..........#
...................#
###...#...#†.......##
#.......#.........
#...#.#.#.#.#....#####
#.......#......?.....J
###..#.[#...#.J....####
#............@........
#.####...#####....###
####.####............#
..............#...#......
##.########.#.....#......
...# #...#.#.# ..... ##.#
#.......# ..... #.#
###.....# .... #.#
#....... ...#


You could see a jelly and an endoplasm (asleep).

Vanquished Creatures
  A gnoll (D:3)
  5 adders
  A worm (D:1)
  2 dart slugs
  2 orcs (D:3)
  9 endoplasms
  3 giant cockroaches
  8 goblins
  4 hobgoblins
  5 jackals (D:1)
  6 quokkas
  8 ball pythons
  4 bats (D:1)
  2 frilled lizards
  6 kobolds
  5 rats
71 creatures vanquished.

Notes
Turn   | Place    | Note
-------+----------+-------------------------------------------
     0 | D:1      | ragingrage the Mummy Wanderer began the quest for the Orb.
     0 | D:1      | ragingrage set off with the following items: a +2 mace, a
                  | +0 quarterstaff, a +0 pair of gloves, a scroll of
                  | teleportation, a +0 leather armour.
     0 | D:1      | Reached XP level 1. HP: 15/15 MP: 1/1
   108 | D:1      | Reached skill level 3 in Maces & Flails
   108 | D:1      | Reached XP level 2. HP: 14/21 MP: 2/2
   201 | D:1      | Found Opuvodio's Distillery.
   690 | D:1      | Gained mutation: You are in touch with the powers of death.
                  | [Mummy growth]
   690 | D:1      | Reached XP level 3. HP: 20/26 MP: 3/3
  1112 | D:2      | Reached skill level 4 in Maces & Flails
  1315 | D:2      | Reached XP level 4. HP: 32/32 MP: 4/4
  1737 | D:2      | Found a faded altar of an unknown god.
  1934 | D:3      | Found Emukey's Book Shoppe.
  1966 | D:3      | Noticed Sigmund
  2204 | D:3      | Found a broken altar of Ashenzari.
  2664 | D:4      | Found an ornate altar of the Wu Jian Council.
  2800 | D:4      | Reached XP level 5. HP: 32/37 MP: 5/5
  2828 | D:4      | Splashed by a jelly's acid

Illustrated notes

Levels and vault maps discovered:
D:1:      giann_wishing_wells, layout_basic, serial_shops, shop,
          minmay_pentomino_r4
D:2:      layout_loops_cross, dreamdust_ecumenical_altar_angels_and_demons,
          basic_altar
D:3:      minmay_wonky_spiral, layout_basic, ashenzari_conservatory_becter,
          serial_shops, shop, uniq_sigmund
D:4:      layout_basic, nicolae_tso_carved_into_rock, amcnicky_altar_gilded,
          nicolae_kikubaaqudgha_miasma_corner, hangedman_decor_lopped

Skill      XL: |  1  2  3 |
---------------+----------+-----
Maces & Flails | 3 4 |  4.7
Fighting       | |  1.0
Staves         | |  1.0
Dodging        | |  1.0
Stealth        | |  3.2

Action                   |  1- 3 |  4- 6 || total
-------------------------+-------+-------++-------
Melee: Mace              |   115 |    81 ||   196
       Punch             |     2 |       ||     2
 Stab: Sleeping          |     4 |     7 ||    11
       Distracted        |     1 |       ||     1
Armor: Leather armour    |    48 |    23 ||    71
Dodge: Dodged            |    75 |    43 ||   118

Table legend: (Time is in decaauts)
 A = Elapsed time spent in this place.
 B = Non-inter-level travel time spent in this place.
 C = Inter-level travel time spent in this place.
 D = Time resting spent in this place.
 E = Time spent auto-exploring this place.
 F = Levels seen in this place.
 G = Mean time per level.
                   A        B        C        D        E       F      G
               +--------+--------+--------+--------+--------+-----+--------+
         Total |   2874 |   2741 |    133 |    278 |   1874 |   4 |  718.5 |
       Dungeon |   2874 |   2741 |    133 |    278 |   1874 |   4 |  718.5 |
               +--------+--------+--------+--------+--------+-----+--------+

Top non-repeatable levels by time:
     D:2: 1059 daAuts
     D:1: 804 daAuts
     D:3: 686 daAuts
     D:4: 323 daAuts
